 Dungeon Crawl Stone Soup version 0.31.0-12-g77e489cdc1 (webtiles) character file.

Game seed: 14552248555950901561

200 KKCryptic the Covered (level 5, -2/47 HPs)
             Began as a Minotaur Fighter on Feb 21, 2024.
             Incinerated by a bombardier beetle (5 damage)
             ... with a burning spray
             ... on level 4 of the Dungeon.
             The game lasted 00:07:18 (2791 turns).

KKCryptic the Covered (Minotaur Fighter)            Turns: 2791, Time: 00:07:18

Health: -2/47      AC: 12    Str: 28    XL:     5   Next: 48%
Magic:  4/4        EV:  7    Int:  5    God:
Gold:   128        SH:  4    Dex: 10    Spells: 4/4 levels left

rFire   . . .        s - +2 hand axe (flame)
rCold   . . .        c - +0 buckler
rNeg    . . .        t - +0 plate armour
rPois   .            (helmet restricted)
rElec   .            (no cloak)
rCorr   .            (no gloves)
SInv    +            (no boots)
Will    .....        (no amulet) Stlth
                     e - ring of see invisible
HPRegen 0.27/turn    n - +6 ring of strength
MPRegen 0.09/turn

%: no passive effects
@: on fire, glowing
A: horns 2, retaliatory headbutt
a: no special abilities


You were on level 4 of the Dungeon.
You visited 1 branch of the dungeon, and saw 4 of its levels.

You collected 128 gold pieces.

Inventory:

Hand Weapons
 a - a +2 war axe
 s - a +2 hand axe of flaming (weapon)
Missiles
 h - 5 poisoned darts
 p - 4 boomerangs (quivered)
Armour
 c - a +0 buckler (worn)
 t - a +0 plate armour (worn)
Jewellery
 e - a ring of see invisible (left hand)
 n - a +6 ring of strength (right hand)
 u - an amulet of guardian spirit
Scrolls
 b - a scroll of fog {unknown}
 f - 2 scrolls of teleportation
 m - a scroll of poison
 q - a scroll of amnesia {unknown}
Potions
 d - a potion of might
 g - 5 potions of heal wounds
 k - a potion of mutation
 l - a potion of ambrosia
 o - 3 potions of curing
 r - a potion of enlightenment


   Skills:
 + Level 4.4 Fighting
 * Level 4.5 Axes
 + Level 1.9 Throwing
 + Level 4.5 Armour
 + Level 4.4 Shields


You had 4 spell levels left.
You didn't know any spells.
Your spell library contained the following spells:

 Spells                   Type           Power      Damage    Failure   Level
 Summon Small Mammal      Summ           0%         N/A       100%        1
 Blink                    Tloc           0%         N/A       100%        2
 Cigotuvi's Dreadful Rot  Necr/Alch/Air  0%         N/A       100%        2
 Lesser Beckoning         Tloc           0%         N/A       100%        2
 Momentum Strike          Conj/Tloc      0%         3d8       100%        2
 Call Canine Familiar     Summ           0%         N/A       100%        3
 Dispel Undead            Necr           0%         3d6       100%        4
 Ignite Poison            Fire/Alch      0%         N/A       100%        4
 Martyr's Knell           Necr/Summ      0%         N/A       100%        4
 Summon Blazeheart Golem  Fire/Summ      0%         N/A       100%        4
 Freezing Cloud           Conj/Ice/Air   0%         6-21      100%        5
 Death Channel            Necr           0%         N/A       100%        6


Dungeon Overview and Level Annotations

Branches:
Dungeon (4/15)
 Temple: D:4-7

Altars:


Innate Abilities, Weirdness & Mutations

You have a pair of horns on your head.
You reflexively headbutt those who attack you in melee.


Message History

You hit the bombardier beetle but do no damage.
The bombardier beetle bites you.
You completely miss the bombardier beetle.
The bombardier beetle sprays incendiary fluid at you.
The burning spray hits you.
You are covered in liquid fire!
You hit the bombardier beetle. You burn the bombardier beetle.
You headbutt the bombardier beetle, but do no damage.
The bombardier beetle is lightly wounded.
The liquid fire burns you!
You hit the bombardier beetle. You burn the bombardier beetle.
The bombardier beetle is heavily wounded.
The liquid fire burns you! The bombardier beetle bites you.
You slash the bombardier beetle! You burn the bombardier beetle.
You kill the bombardier beetle!
The liquid fire burns you!
You barely miss the orc. Your headbutt misses the orc.
The liquid fire burns you! The orc closely misses you.
You are too injured to fight recklessly!
You are too injured to fight recklessly!
You hit the orc. You burn the orc.
The orc is severely wounded.
The liquid fire burns you! The orc hits you but does no damage.
You barely miss the orc.
The orc is severely wounded.
The liquid fire burns you!
* * * LOW HITPOINT WARNING * * *
The orc hits you with a +0 club.
* * * LOW HITPOINT WARNING * * *
You hit the orc but do no damage. Your headbutt misses the orc.
The orc is severely wounded.
The liquid fire burns you!
* * * LOW HITPOINT WARNING * * *
The orc hits you but does no damage.
You shake off some of the fire as you move.
The liquid fire burns you!
You die...

#.# #:# #.#
#.# #.# #.#
#.# #.# #o#
#.# #.# ###.#
#@# ..#.# #$#
#.#.# #.#
#.#.# #.#
##########.#.#
#.#
.............#
#.#
##########.###
#.# #.# #.#
#.#####.#


You could see an orc.

Vanquished Creatures
  A bombardier beetle (D:4)
  An orc priest (D:3)
  2 orc wizards (D:3)
  4 adders
  A ribbon worm (D:2)
  A dart slug (D:1)
  2 orcs (D:3)
  A ball python (D:1)
  7 endoplasms
  4 giant cockroaches
  7 goblins
  5 hobgoblins
  5 jackals
  A kobold (D:2)
  2 quokkas (D:2)
  5 bats
  3 frilled lizards
  4 rats
56 creatures vanquished.

Notes
Turn   | Place    | Note
-------+----------+-------------------------------------------
     0 | D:1      | KKCryptic the Minotaur Fighter began the quest for the Orb.
     0 | D:1      | Reached XP level 1. HP: 19/19 MP: 0/0
   165 | D:1      | Reached XP level 2. HP: 15/27 MP: 1/1
   267 | D:1      | Found a faded altar of an unknown god.
  1035 | D:2      | Reached XP level 3. HP: 33/33 MP: 2/2
  1123 | D:2      | Reached skill level 1 in Throwing
  1849 | D:3      | Reached XP level 4. HP: 40/40 MP: 3/3
  2225 | D:3      | Reached XP level 5. HP: 16/46 MP: 4/4
  2791 | D:4      | Incinerated by a bombardier beetle

Illustrated notes

Levels and vault maps discovered:
D:1:      psy_arrival_whirlpool, layout_basic, chequers_ecumenical_altar_simple,
          corexii_item_surrounded_by_moat,
          nicolae_concentric_dashed_squares_wild, serial_bayou_ford_a,
          reono_crystal_passage, grunt_decor_arrowhead, chequers_big_river,
          hangedman_decor_peaks_small
D:2:      layout_basic, minivault_5, minmay_misc_feat_secret_circle,
          wad_floor_pattern_2, minmay_tromino_v7
D:3:      layout_basic, chequers_arboretum, minmay_misc_feat_tiny,
          minmay_stone_trees_small
D:4:      layout_basic, uniq_grinder, uniq_duvessa, uniq_robin

Skill      XL: |  1  2  3  4 |
---------------+-------------+-----
Axes           | 3 4 |  4.5
Armour         | 4 |  4.5
Shields        | 4 |  4.4
Throwing       | 1 |  1.9
Fighting       | 4 |  4.4

Action                     |  1- 3 |  4- 6 || total
---------------------------+-------+-------++-------
  Melee: War axe           |    66 |       ||    66
         Headbutt          |     8 |     4 ||    12
         Hand axe          |     5 |    40 ||    45
  Throw: Boomerang         |     4 |       ||     4
    Use: Scroll            |     1 |     8 ||     9
 Armour: Scale mail        |    40 |     2 ||    42
         Plate armour      |       |    14 ||    14
  Dodge: Dodged            |    32 |     7 ||    39
  Block: Buckler           |    14 |     5 ||    19
